Map: Simulacrum LE

Players

Dexterminatu - Winner!

  • Race: Protoss Protoss
  • League: Master
  • Spawn Location: 11:00

Yalta

  • Race: Terran Terran
  • League: Master
  • Spawn Location: 5:00

VOD

Have the link to the VOD?

Description

Time

  • Played on: Feb. 26, 2020, 9:56 p.m.
  • Length: 31:55
Show
View Real Time Build Order
Export as new Build Order

Dexterminatu Protoss - Winner!

Build Orders:  

Get SALT Encoding   

  12  0:01  Probe  
  13  0:13  Probe (Chrono Boost)  
  14  0:19  Pylon  
  14  0:25  Probe (Chrono Boost)  
  15  0:36  Probe (Chrono Boost)  
  15  0:42  Forge  
  16  0:46  Probe  
  17  0:57  Pylon  
  17  1:08  Probe  
  18  1:24  Photon Cannon  
  18  1:25  Photon Cannon  
  18  1:27  Pylon  
  18  1:38  Gateway  
  18  1:45  Probe  
  19  1:50  Pylon  
  18  1:57  Probe  
  18  2:00  Assimilator  
  19  2:02  Assimilator  
  19  2:09  Probe (Chrono Boost)  
  20  2:21  Probe (Chrono Boost)  
  21  2:26  Probe (Chrono Boost)  
  21  2:28  Cybernetics Core  
  22  2:31  Zealot  
  22  2:36  Pylon  
  24  2:51  Probe  
  25  3:03  Probe  
  26  3:13  Pylon  
  26  3:16  Stalker  
  28  3:21  Pylon  
  28  3:34  Nexus  
  28  3:37  Shield Battery  
  28  3:46  Stargate  
  28  3:54  Stalker  
  30  4:06  Shield Battery  
  30  4:23  Probe  
  31  4:24  Stalker  
  33  4:36  Probe  
  33  4:48  Void Ray  
  36  4:54  Stalker  
  37  5:04  Shield Battery  
  37  5:06  Probe  
  38  5:08  Photon Cannon  
  38  5:18  Probe  
  38  5:19  Photon Cannon  
  39  5:25  Probe  
  40  5:37  Probe  
  40  5:42  Shield Battery  
  41  5:45  Stalker  
  41  6:00  Pylon  
  39  6:23  Oracle  
  40  6:42  Assimilator  
  40  6:46  Assimilator  
  40  6:54  Probe  
  40  7:00  Photon Cannon  
  39  7:23  Probe  
  39  7:27  Void Ray  
  44  7:35  Probe  
  45  7:39  Fleet Beacon  
  45  7:42  Probe  
  45  7:43  Pylon  
  46  7:47  Probe  
  47  7:57  Photon Cannon, Stalker  
  49  7:59  Probe  
  49  8:12  Probe  
  48  8:16  Photon Cannon  
  47  8:25  Phoenix  
  48  8:34  Probe  
  47  8:50  Tempest  
  52  8:57  Stalker  
  52  9:02  Photon Cannon  
  54  9:03  Pylon  
  54  9:58  Pylon  
  54  10:02  Pylon  
  54  10:06  Nexus  
  54  10:08  Pylon  
  54  10:15  Tempest  
  59  10:24  Forge  
  54  11:09  Gateway  
  54  11:10  Tempest  
  56  11:12  Gateway  
  56  11:15  Gateway  
  56  11:17  Gateway  
  56  11:20  Pylon  
  56  11:27  Cybernetics Core  
  56  11:37  Photon Cannon  
  56  12:09  Shield Battery  
  56  12:10  Pylon  
  56  12:24  Probe  
  56  12:25  Probe  
  56  12:29  Stalker x2  
  62  12:36  Probe  
  63  12:37  Probe  
  63  12:38  Twilight Council  
  63  12:42  Stalker  
  66  12:48  Probe  
  66  12:49  Probe  
  68  13:02  Probe  
  69  13:18  Tempest  
  64  13:25  Stalker x3  
  70  13:27  Probe  
  71  13:39  Probe  
  64  13:52  Probe  
  61  14:03  Tempest  
  61  14:06  Stalker x2  
  61  14:07  Stalker x2  
  72  14:36  Stalker x2  
  74  14:44  Stalker  
  74  14:45  Stalker  
  76  14:57  Probe  
  77  15:00  Photon Cannon  
  77  15:03  Blink (Chrono Boost)  
  77  15:06  Stalker x2  
  81  15:09  Probe  
  82  15:14  Stalker  
  82  15:15  Stalker  
  86  15:26  Assimilator  
  82  15:30  Assimilator  
  71  16:11  Stalker x4  
  75  16:31  Pylon  
  75  16:35  Pylon  
  75  16:38  Stalker  
  77  16:41  Stalker x4  
  85  17:11  Stalker x4  
  93  17:33  Templar Archives  
  93  17:34  Probe  
  94  17:37  Photon Cannon  
  94  17:40  Stalker  
  96  17:46  Probe  
  95  18:02  Warp Gate  
  95  18:03  Pylon  
  95  18:04  Probe  
  96  18:16  Probe  
  97  18:28  Probe  
  74  18:43  Psionic Storm  
  68  18:52  High Templar x4 (Chrono Boost)  
  65  19:22  High Templar x2 (Chrono Boost)  
  65  19:33  Stalker x2  
  69  20:00  Stalker  
  69  20:01  Stalker  
  69  20:03  Stalker x2  
  72  20:16  Probe  
  73  20:23  Pylon  
  73  20:29  Probe  
  73  20:32  Nexus  
  73  20:34  Pylon  
  74  20:41  Probe  
  75  20:43  Stalker x4  
  75  20:44  Stalker  
  83  21:07  Stalker  
  63  22:25  Stalker  
  59  23:35  Gateway  
  59  24:08  Assimilator  
  59  24:10  High Templar x3  
  59  24:11  Assimilator  
  59  24:13  Probe  
  66  24:23  Tempest, Nexus  
  71  24:27  Photon Cannon  
  71  24:48  Stalker  
  73  25:05  Probe  
  74  25:11  Assimilator  
  74  25:13  Pylon  
  74  25:14  Assimilator  
  74  25:17  Probe  
  74  25:19  Stalker x2  
  79  25:29  Probe  
  80  25:38  Stalker x2  
  84  25:45  Probe  
  85  25:55  Stalker  
  88  25:57  Probe  
  88  26:09  Probe  
  89  26:20  Probe  
  89  26:21  Probe  
  91  26:33  Probe  
  76  27:06  Stalker x2  
  76  27:07  Stalker x4  
  88  27:09  Probe  
  89  27:19  Tempest  
  89  27:21  Probe  
  75  27:42  Stalker x4  
  82  27:59  Photon Cannon  
  82  28:03  Photon Cannon  
  82  28:10  Zealot  
  78  28:56  Archon  
  78  28:57  Archon  
  78  29:00  High Templar x4  
  86  29:06  Stalker x2  
  86  29:30  Robotics Facility  
  86  29:35  Stalker  
  84  30:20  Observer  
  78  30:51  Stalker x2  
  78  30:52  Stalker x4  
  85  31:10  Archon  
  83  31:30  Stalker x3  
  83  31:31  Zealot  
  83  31:32  Zealot x2  
Show
View Real Time Build Order
Export as new Build Order

Yalta Terran 

Build Orders:  

Get SALT Encoding   

  12  0:00  SCV  
  13  0:13  SCV  
  14  0:18  Supply Depot  
  14  0:25  SCV  
  15  0:39  SCV  
  16  0:43  Barracks  
  16  0:50  Refinery  
  16  0:51  SCV  
  17  1:03  Refinery  
  17  1:04  SCV  
  18  1:14  Engineering Bay  
  18  1:16  SCV  
  19  1:30  Bunker  
  19  1:31  Marine  
  20  1:49  Marine  
  21  2:05  Factory  
  21  2:25  Orbital Command  
  21  2:27  Supply Depot  
  21  2:48  Marine, Factory Tech Lab  
  21  2:50  Starport  
  22  2:51  SCV  
  22  2:53  Supply Depot  
  23  3:02  Barracks  
  23  3:15  Marine, Cyclone  
  23  3:19  SCV  
  28  3:26  Starport Tech Lab  
  28  3:30  Supply Depot  
  28  3:39  Marine  
  29  3:43  SCV  
  30  3:56  Cyclone  
  30  3:57  Reaper  
  30  3:59  Supply Depot  
  34  4:14  Banshee  
  37  4:25  Cloaking Field  
  37  4:29  Reaper  
  38  4:54  Command Center  
  38  4:56  Supply Depot  
  37  5:08  Banshee  
  39  5:37  Cyclone  
  42  5:45  Starport  
  42  6:06  Mag-Field Accelerator  
  42  6:08  Orbital Command  
  42  6:09  Cyclone  
  38  6:22  Engineering Bay  
  38  6:23  Viking  
  40  6:26  Supply Depot  
  40  6:37  Viking  
  42  6:41  Marine  
  43  6:51  Marine  
  44  7:00  Marine  
  45  7:09  Marine  
  46  7:18  Marine  
  44  7:27  Marine  
  44  7:29  Starport Tech Lab  
  45  7:31  Hyperflight Rotors  
  45  7:32  Supply Depot  
  45  7:33  Viking  
  47  7:37  Marine  
  48  7:52  Raven  
  48  7:54  Marine  
  51  8:12  Marine  
  50  8:13  Marine  
  50  8:15  Banshee  
  55  8:28  Command Center  
  55  8:30  Marine  
  56  8:44  Orbital Command  
  56  8:47  Banshee  
  56  8:48  Marine  
  60  8:57  Banshee  
  63  9:06  Widow Mine  
  60  9:37  Viking  
  61  9:40  Viking  
  63  9:46  Supply Depot  
  63  9:47  SCV  
  64  9:59  SCV  
  65  10:16  Orbital Command  
  65  10:39  Viking  
  65  10:40  Viking  
  58  10:50  Marine  
  56  11:08  Marine  
  54  11:18  Cyclone  
  57  11:30  SCV x3  
  60  11:33  Refinery x2  
  60  11:41  Viking  
  60  11:42  SCV x3, Viking  
  60  11:43  Supply Depot  
  60  11:57  Missile Turret  
  52  12:09  SCV x3  
  52  12:11  Missile Turret  
  51  12:21  SCV  
  46  12:29  Viking x2  
  50  12:35  SCV x2  
  52  12:41  Barracks Tech Lab, Barracks x2  
  52  12:42  Barracks  
  44  12:58  Viking  
  44  12:59  Viking  
  44  13:22  Cyclone  
  44  13:24  Barracks Tech Lab  
  44  13:26  Supply Depot  
  47  13:28  Marine x3  
  50  13:35  SCV x3  
  53  13:46  Marine x3  
  53  13:52  Orbital Command  
  53  13:54  Cyclone  
  54  14:04  Marine x3  
  54  14:07  Viking x2  
  61  14:11  Orbital Command  
  61  14:21  Marine  
  60  14:37  Viking  
  59  14:39  Viking  
  59  14:42  Marine  
  62  14:52  Barracks Tech Lab  
  60  14:53  Marine x2  
  60  14:54  SCV  
  63  15:06  SCV  
  64  15:07  Viking  
  64  15:09  Medivac  
  64  15:14  Combat Shield  
  68  15:15  Marine x2  
  68  15:16  Marauder  
  68  15:18  SCV  
  68  15:20  SCV, Command Center  
  73  15:33  Marine x2  
  75  15:36  Marine  
  75  15:37  Medivac  
  70  15:50  Medivac  
  70  15:51  Marine  
  66  16:03  Marine  
  66  16:04  Marauder  
  66  16:07  Medivac  
  66  16:09  Marine  
  63  16:20  Medivac  
  63  16:25  Marauder  
  63  16:34  Marine x2  
  63  16:35  Stimpack  
  65  16:46  Marauder  
  67  16:51  Marine  
  67  16:52  Marine  
  66  16:59  Orbital Command  
  66  17:07  Marine  
  65  17:09  Marine x2  
  65  17:13  Supply Depot x2  
  67  17:16  Supply Depot  
  67  17:17  Supply Depot  
  67  17:18  Orbital Command  
  67  17:23  Marine, Refinery  
  67  17:25  Marine  
  67  17:27  Marine x2  
  67  17:28  Orbital Command  
  68  17:35  SCV x2  
  69  17:43  Marine  
  71  17:45  Marine x2  
  71  17:47  SCV x2  
  74  17:59  SCV  
  74  18:01  Marine  
  74  18:02  Barracks  
  74  18:03  Marine x2, Barracks  
  77  18:16  Factory  
  77  18:19  Marine  
  75  18:20  Marine  
  75  18:21  Marine  
  75  18:28  SCV x2  
  68  18:36  Marine  
  68  18:38  Marine x2  
  62  18:45  SCV x2  
  62  18:46  SCV  
  65  18:55  Marauder  
  64  18:56  Marine  
  64  18:57  Marine x3  
  67  19:10  Concussive Shells  
  67  19:14  Marine  
  67  19:15  Marine x3  
  67  19:16  Marauder  
  69  19:32  Marine  
  69  19:37  Marauder  
  72  19:40  Marine  
  72  19:41  Marine x2  
  75  19:50  Marine, Factory  
  76  19:56  SCV  
  76  20:05  Marine  
  76  20:11  Supply Depot x2  
  76  20:12  Supply Depot  
  76  20:32  Marine x5, SCV x2  
  76  20:33  Refinery  
  76  20:34  Widow Mine  
  76  20:35  Orbital Command  
  85  20:36  Starport  
  85  20:39  Engineering Bay  
  85  20:50  Marine x5  
  85  20:55  Widow Mine  
  91  21:07  Marine, Terran Infantry Weapons Level 1  
  92  21:17  Supply Depot  
  88  21:49  SCV  
  88  21:50  Marine  
  88  21:52  Marine x2  
  88  21:53  SCV x2  
  84  21:54  Marine  
  84  21:55  Medivac  
  84  21:58  Medivac  
  67  22:08  Marine  
  67  22:09  Marine, Widow Mine  
  67  22:10  Marine  
  67  22:12  Marine  
  67  22:15  Orbital Command  
  60  22:26  Marine  
  60  22:27  Marine  
  63  22:30  Marine  
  63  22:34  Barracks x2  
  64  22:37  Medivac, Widow Mine  
  65  22:45  Marine  
  60  22:59  Widow Mine  
  54  23:16  Barracks Tech Lab x2  
  53  23:26  Barracks Tech Lab x2  
  53  23:32  Orbital Command  
  53  23:49  Supply Depot  
  53  23:50  Supply Depot  
  53  23:51  Supply Depot  
  53  23:52  Supply Depot  
  53  24:03  Supply Depot  
  53  24:04  Supply Depot  
  53  24:05  Starport Tech Lab  
  53  24:14  Marauder x4  
  61  24:25  Medivac  
  61  24:27  Ghost Academy  
  61  24:28  Refinery  
  61  24:30  Refinery  
  63  24:35  Marine x4  
  66  25:03  Command Center  
  66  25:16  Supply Depot  
  66  25:17  Supply Depot  
  66  25:21  Supply Depot  
  66  25:37  Ghost x2  
  66  25:38  Ghost x2  
  74  25:44  Supply Depot  
  73  25:59  Command Center  
  73  26:04  Factory  
  73  26:06  Marauder x2  
  73  26:07  Banshee  
  73  26:08  Marauder  
  82  26:14  Marauder  
  84  26:27  Marine, Marauder  
  47  26:54  Marine x2  
  47  26:55  Marauder x2  
  40  27:10  Widow Mine  
  40  27:12  SCV  
  43  27:17  Marine x2, Marauder x2  
  49  27:24  SCV  
  42  27:35  Marauder x2  
  41  27:46  Widow Mine  
  41  27:48  Medivac  
  45  28:11  Widow Mine  
  47  28:16  Orbital Command  
  47  28:18  Medivac  
  34  28:49  Marine, Marauder x2  
  25  29:07  Marine  
  26  29:11  Marauder  
  28  29:20  Widow Mine  
  30  29:26  SCV  
  30  29:27  Marauder x2  
  35  29:31  Marine  
  37  29:38  SCV  
  37  29:42  Bunker  
  37  29:44  Bunker  
  37  29:47  Widow Mine  
  37  29:52  Marine, SCV  
  38  30:04  SCV  
  33  30:10  Banshee  
  36  30:16  SCV  
  37  30:26  Barracks  
  38  30:28  SCV  
  17  30:52  Banshee  
Tags
 
Add a new tag
Caveats
  • Supply blocks, unpowered buildings, or Contaminate may cause inaccurate times.
  • Supply counts are checked every 10 seconds.